 Dungeon Crawl Stone Soup version 0.30-a0-1157-g2cc9ac7196 (webtiles) character file.

Game seed: 4632281576646700271

196 jimonade the Trooper (level 5, 0/42 HPs)
             Began as a Mummy Monk on Apr 25, 2023.
             Killed from afar by Ijyb (10 damage)
             ... with a puff of flame
             ... on level 2 of the Dungeon.
             The game lasted 00:03:30 (1710 turns).

jimonade the Trooper (Mummy Monk)                   Turns: 1710, Time: 00:03:30

Health: 0/42       AC: 11    Str: 15    XL:     5   Next: 45%
Magic:  5/5        EV: 12    Int: 11    God:
Gold:   88         SH:  0    Dex: 14    Spells: 4/4 levels left

rFire   x . .        a - +1 dagger (protect)
rCold   + . .        c - orb {light}
rNeg    + + +        n - +0 leather armour
rPois   ∞            (no helmet)
rElec   .            (no cloak)
rCorr   .            m - +0 pair of gloves
SInv    .            (no boots)
Will    .....        (no amulet)
Stlth   +            (no ring)
HPRegen 0.27/turn    (no ring)
MPRegen 0.09/turn

%: faith
@: under a protective aura, glowing
A: cold resistance 1, negative energy resistance 3, torment resistance 2, heat
vulnerability 1, in touch with death 1, no potions, faith
a: no special abilities


You were on level 2 of the Dungeon.
You visited 1 branch of the dungeon, and saw 3 of its levels.

You collected 88 gold pieces.

Inventory:

Hand Weapons
 a - a +1 dagger of protection (weapon)
 f - a +0 mace
 g - a +2 dagger of draining
 i - a +0 flail
 j - a +0 short sword
 k - a +0 scythe
Armour
 b - a +0 robe
 c - an orb of light (worn)
 h - a scarf of harm
 m - a +0 pair of gloves (worn)
 n - a +0 leather armour (worn)
Scrolls
 d - 2 scrolls of magic mapping {unknown}
 e - 3 scrolls of identify {unknown}
 l - a scroll of vulnerability {unknown}
 o - a scroll of teleportation {unknown}


   Skills:
 + Level 4.3 Fighting
 + Level 1.8 Short Blades
 - Level 2.7 Maces & Flails
 + Level 3.6 Dodging


You had 4 spell levels left.
You didn't know any spells.
Your spell library was empty.

Dungeon Overview and Level Annotations

Branches:
Dungeon (3/15)

Altars:

Annotations:
D:2 1 runed translucent door, Crazy Yiuf, Ijyb


Innate Abilities, Weirdness & Mutations

You are immune to poison.
Your flesh is cold resistant. (rC+)
You are immune to negative energy. (rN+++)
You are immune to unholy pain and torment.
You are vulnerable to heat. (rF-)
You are in touch with the powers of death.
You do not drink.
You have a special connection with the divine. (Faith)


Message History

* * * LOW HITPOINT WARNING * * *
There is a stone staircase leading up here.
Ijyb hits you with a +0 club.
* * * LOW HITPOINT WARNING * * *
You climb upwards.
Level annotation: 1 runed translucent door, Crazy Yiuf
There is a stone staircase leading down here.
You hit Ijyb but do no damage.
Your weapon exudes an aura of protection.
Ijyb is heavily wounded.
Ijyb grins evilly.
Ijyb hits you but does no damage.
You hit Ijyb.
Ijyb is heavily wounded.
Ijyb hits you but does no damage.
You hit Ijyb but do no damage.
Ijyb is heavily wounded.
Ijyb zaps a wand.
The puff of flame hits you but does no damage.
You hit Ijyb but do no damage.
Ijyb is heavily wounded.
Ijyb hits you with a +0 club.
* * * LOW HITPOINT WARNING * * *
You hit Ijyb.
Ijyb is severely wounded.
Ijyb screams, "Me very upset!"
Ijyb zaps a wand.
The puff of flame misses you.
You hit Ijyb but do no damage.
Ijyb is severely wounded.
Ijyb hits you but does no damage.
You hit Ijyb but do no damage.
Ijyb is severely wounded.
Ijyb hits you but does no damage.
You hit Ijyb but do no damage.
Ijyb is severely wounded.
Ijyb closely misses you.
You hit Ijyb but do no damage.
Ijyb is severely wounded.
Ijyb zaps a wand.
The puff of flame hits you! The fire burns you terribly!
You die...

#.# #########.....# #.#
#.....# #.# ######
#.....######### #.# #....#
#.............. #.#
#####....#####.....#########
#.#
#...........................
#.#
#.###....###...#######.....#
#.#
#.###....###.#########.....#
#.#
#..........@g.......!.......
#.#
#####....##.####.###########
#.# #######.####.#..........
#.# #.#......######### #)#
#.#..............# #.#
#.#..............#
#.###########
#.####.#.........#
#.##........#
#.#.......#####...
#.##.######.#
#.#.......#####...


You could see Ijyb.

Vanquished Creatures
  Sigmund (D:2)
  A dart slug (D:1)
  5 ball pythons
  2 endoplasms
  4 goblins
  5 hobgoblins
  2 jackals (D:1)
  2 kobolds (D:1)
  3 quokkas
  2 bats (D:1)
  4 rats
31 creatures vanquished.

Notes
Turn   | Place    | Note
-------+----------+-------------------------------------------
     0 | D:1      | jimonade the Mummy Monk began the quest for the Orb.
     0 | D:1      | Reached XP level 1. HP: 18/18 MP: 1/1
   161 | D:1      | Reached XP level 2. HP: 24/24 MP: 2/2
   168 | D:1      | Found a faded altar of an unknown god.
   642 | D:2      | Noticed Sigmund
   710 | D:2      | Killed Sigmund
   711 | D:2      | Reached skill level 4 in Fighting
   711 | D:2      | Reached skill level 1 in Short Blades
   711 | D:2      | Gained mutation: You are in touch with the powers of death.
                  | [Mummy growth]
   711 | D:2      | Reached XP level 3. HP: 2/30 MP: 3/3
   711 | D:2      | Reached XP level 4. HP: 3/37 MP: 4/4
   711 | D:2      | Reached XP level 5. HP: 4/42 MP: 5/5
  1110 | D:2      | Found a runed translucent door.
  1111 | D:2      | Noticed Crazy Yiuf
  1605 | D:3      | Noticed Ijyb
  1710 | D:2      | Killed from afar by Ijyb

Illustrated notes

Levels and vault maps discovered:
D:1:      giann_wishing_wells, layout_basic, ebering_ecumenical_altar_ruins,
          st_stairs_14, minmay_liquid_box, dreamdust_princess_bridge
D:2:      layout_basic, minmay_misc_feat_rows, uniq_crazy_yiuf_cottage,
          uniq_sigmund
D:3:      layout_rooms, mainiacjoe_overflow_six_doors_small, bh_walls_and_bars,
          uniq_terence, uniq_jessica, uniq_ijyb

Skill      XL: |  1  2 |
---------------+-------+-----
Fighting       | 4 |  4.3
Short Blades   | 1 |  1.8
Dodging        | 3 |  3.6
Maces & Flails | |  2.7

Action                     |  1- 3 |  4- 6 || total
---------------------------+-------+-------++-------
  Melee: Mace              |    34 |       ||    34
         Dagger            |    49 |    63 ||   112
 Armour: Robe              |    25 |       ||    25
         Leather armour    |       |    23 ||    23
  Dodge: Dodged            |    51 |    24 ||    75

Table legend: (Time is in decaauts)
 A = Elapsed time spent in this place.
 B = Non-inter-level travel time spent in this place.
 C = Inter-level travel time spent in this place.
 D = Time resting spent in this place.
 E = Time spent auto-exploring this place.
 F = Levels seen in this place.
 G = Mean time per level.
                   A        B        C        D        E       F      G
               +--------+--------+--------+--------+--------+-----+--------+
         Total |   1716 |   1569 |    147 |    207 |   1001 |   3 |  572.0 |
       Dungeon |   1716 |   1569 |    147 |    207 |   1001 |   3 |  572.0 |
               +--------+--------+--------+--------+--------+-----+--------+

Top non-repeatable levels by time:
     D:2: 903 daAuts
     D:1: 772 daAuts
     D:3: 39 daAuts
